Map: [ESL] Site Delta

Players

Astrea - Winner!

  • Race: Protoss Protoss
  • League: Master
  • Spawn Location: 5:00

ShaDoWn

  • Race: Protoss Protoss
  • League: Master
  • Spawn Location: 11:00

Event: HomeStory Cup XXIV

VOD

Have the link to the VOD?

Description

Time

  • Played on: Dec. 1, 2023, 12:49 p.m.
  • Length: 14:53

All games in this series

Show
View Real Time Build Order
Export as new Build Order

Astrea Protoss - Winner!

Build Orders: Phoenix Opening, Blink Stalkers 

Get SALT Encoding   

  12  0:00  Probe  
  13  0:12  Probe  
  14  0:16  Pylon  
  14  0:24  Probe (Chrono Boost)  
  16  0:36  Gateway, Probe (Chrono Boost)  
  16  0:42  Probe (Chrono Boost)  
  16  0:44  Assimilator  
  17  0:50  Probe  
  17  0:52  Assimilator  
  18  1:03  Probe (Chrono Boost)  
  19  1:05  Gateway  
  20  1:12  Probe (Chrono Boost)  
  20  1:17  Probe (Chrono Boost)  
  20  1:23  Cybernetics Core  
  21  1:29  Probe  
  21  1:31  Pylon  
  22  1:41  Probe  
  23  1:54  Probe  
  24  1:59  Warp Gate, Stalker x2  
  28  2:06  Probe  
  29  2:11  Pylon  
  29  2:21  Pylon  
  29  2:26  Probe  
  30  2:30  Sentry  
  30  2:31  Sentry  
  34  2:39  Probe  
  35  2:50  Nexus  
  35  2:54  Probe  
  36  3:01  Phoenix  
  36  3:05  Twilight Council  
  36  3:06  Probe  
  36  3:18  Pylon, Probe  
  37  3:30  Probe (Chrono Boost)  
  37  3:33  Forge  
  38  3:40  Probe (Chrono Boost)  
  39  3:42  Blink  
  39  3:45  Probe (Chrono Boost)  
  40  3:53  Stalker, Phoenix  
  40  3:55  Stalker  
  44  3:57  Probe  
  45  4:05  Probe (Chrono Boost)  
  45  4:09  Probe (Chrono Boost)  
  46  4:10  Protoss Ground Weapons Level 1 (Chrono Boost)  
  47  4:17  Probe (Chrono Boost)  
  47  4:21  Stalker, Probe (Chrono Boost)  
  50  4:24  Probe (Chrono Boost)  
  50  4:27  Probe (Chrono Boost), Stalker  
  54  4:36  Probe  
  54  4:39  Probe  
  54  4:42  Pylon  
  54  4:43  Robotics Facility  
  55  4:48  Probe  
  55  4:50  Assimilator  
  55  4:51  Probe  
  57  5:00  Assimilator, Probe  
  57  5:02  Phoenix  
  57  5:04  Dark Shrine  
  57  5:05  Probe  
  59  5:07  Gateway  
  59  5:10  Gateway  
  59  5:12  Probe  
  60  5:17  Probe  
  61  5:24  Probe  
  61  5:27  Immortal (Chrono Boost)  
  62  5:32  Stalker  
  62  5:33  Stalker  
  70  5:37  Pylon  
  70  5:44  Pylon  
  70  5:47  Shield Battery  
  70  5:56  Warp Prism (Chrono Boost)  
  70  5:59  Pylon  
  72  6:09  Stalker x3  
  78  6:15  Stalker  
  79  6:25  Observer  
  80  6:41  Stalker x4  
  80  6:46  Protoss Ground Weapons Level 2 (Chrono Boost)  
  88  6:48  Pylon  
  88  6:49  Pylon  
  84  7:02  Nexus  
  82  7:13  Dark Templar x3  
  88  7:21  Dark Templar  
  90  7:27  Probe x2  
  92  7:31  Pylon  
  92  7:39  Probe x2  
  97  7:45  Observer  
  97  7:49  Stalker x3  
  100  7:51  Probe  
  100  7:54  Probe  
  102  8:03  Probe  
  102  8:04  Dark Templar  
  105  8:06  Probe  
  105  8:07  Immortal  
  106  8:15  Probe  
  106  8:19  Probe  
  105  8:20  Probe  
  103  8:27  Pylon  
  103  8:28  Probe  
  103  8:31  Probe  
  103  8:32  Probe  
  100  8:38  Pylon  
  100  8:40  Probe  
  97  8:43  Shield Battery  
  97  8:44  Shadow Stride, Stalker x4  
  97  8:45  Protoss Ground Weapons Level 3 (Chrono Boost), Pylon  
  107  8:54  Nexus  
  105  8:58  Observer  
  105  9:02  Gateway  
  106  9:03  Gateway  
  106  9:10  Stalker  
  108  9:17  Probe x3  
  108  9:19  Observer  
  108  9:22  Pylon  
  112  9:27  Stalker x3  
  112  9:30  Probe  
  119  9:32  Probe x2  
  121  9:41  Dark Templar  
  121  9:44  Probe x3  
  126  9:45  Photon Cannon  
  126  9:51  Gateway  
  126  9:56  Stalker x4  
  133  10:05  Probe  
  134  10:12  Probe x3  
  134  10:13  Shield Battery  
  137  10:16  Forge  
  137  10:17  Probe  
  137  10:20  Pylon, Stalker x4  
  146  10:23  Dark Templar  
  148  10:33  Stalker  
  150  10:46  Gateway  
  150  10:47  Stalker x5  
  150  10:48  Gateway  
  150  10:49  Assimilator, Probe x2  
  162  10:51  Assimilator  
  162  10:58  Pylon  
  162  11:02  Probe  
  162  11:03  Protoss Ground Armor Level 1 (Chrono Boost)  
  163  11:06  Stalker x2  
  163  11:11  Pylon  
  167  11:12  Pylon  
  167  11:14  Photon Cannon  
  167  11:17  Nexus  
  167  11:18  Protoss Shields Level 1 (Chrono Boost)  
  167  11:24  Pylon  
  167  11:31  Stalker x4  
  174  11:34  Shield Battery  
  166  11:40  Observer  
  166  11:46  Stalker x5  
  172  11:56  Stalker x4  
  172  11:59  Photon Cannon, Probe  
  172  12:00  Probe  
  182  12:02  Observer  
  182  12:06  Photon Cannon  
  182  12:07  Photon Cannon  
  183  12:10  Probe  
  183  12:11  Probe  
  185  12:18  Probe  
  185  12:22  Stalker x4  
  175  12:30  Stalker x3  
  175  12:31  Stalker  
  179  12:40  Probe  
  179  12:42  Stalker  
  179  12:43  Probe  
  181  12:54  Stalker x7  
  193  13:08  Stalker x2  
  195  13:18  Stalker x3  
  195  13:19  Observer  
  199  13:24  Assimilator  
  199  13:25  Probe  
  199  13:26  Pylon  
  198  13:32  Observer  
  198  13:37  Dark Templar x3  
  196  13:55  Stalker x2  
  200  13:58  Pylon  
  200  14:01  Gateway  
  198  14:03  Gateway  
  198  14:04  Gateway, Warp Prism (Chrono Boost)  
  198  14:05  Gateway  
  196  14:14  Gateway  
  196  14:16  Stalker  
  196  14:17  Gateway, Stalker  
  200  14:19  Gateway  
  200  14:21  Gateway  
  194  14:29  Stalker x6  
  192  14:40  Zealot x3  
Show
View Real Time Build Order
Export as new Build Order

ShaDoWn Protoss 

Build Orders: Oracle Opening, Blink Stalkers 

Get SALT Encoding   

  12  0:00  Probe  
  13  0:13  Probe  
  14  0:17  Pylon  
  14  0:25  Probe  
  15  0:35  Gateway  
  15  0:37  Probe (Chrono Boost)  
  16  0:46  Probe (Chrono Boost)  
  16  0:47  Assimilator  
  17  0:51  Probe (Chrono Boost)  
  18  1:03  Probe (Chrono Boost)  
  19  1:05  Assimilator  
  19  1:12  Gateway  
  19  1:15  Probe (Chrono Boost)  
  20  1:20  Probe (Chrono Boost)  
  20  1:24  Cybernetics Core  
  21  1:29  Probe  
  22  1:34  Pylon  
  22  1:42  Probe  
  23  1:54  Probe  
  24  2:00  Adept, Stalker  
  24  2:01  Warp Gate  
  28  2:06  Probe  
  29  2:12  Pylon  
  29  2:18  Probe  
  30  2:22  Stargate  
  30  2:35  Stalker  
  32  2:55  Nexus  
  32  3:01  Probe  
  32  3:04  Oracle (Chrono Boost)  
  34  3:13  Probe  
  35  3:20  Twilight Council  
  35  3:25  Probe  
  36  3:27  Pylon  
  36  3:38  Probe  
  37  3:49  Adept x2  
  37  3:50  Probe  
  37  3:52  Blink (Chrono Boost)  
  43  4:05  Probe (Chrono Boost)  
  43  4:08  Probe (Chrono Boost)  
  46  4:17  Probe (Chrono Boost)  
  46  4:18  Probe (Chrono Boost)  
  46  4:22  Probe (Chrono Boost)  
  46  4:26  Probe  
  46  4:28  Gateway  
  48  4:34  Probe  
  48  4:38  Probe  
  50  4:42  Nexus  
  50  4:47  Probe  
  50  4:50  Probe  
  52  4:54  Stalker x2  
  52  4:59  Probe  
  57  5:00  Pylon  
  57  5:02  Probe  
  57  5:05  Assimilator  
  58  5:13  Probe  
  59  5:19  Probe  
  59  5:20  Stalker x2, Forge  
  64  5:25  Stalker, Pylon, Probe  
  67  5:31  Probe  
  67  5:32  Pylon  
  68  5:38  Probe  
  69  5:43  Probe  
  69  5:45  Stalker x2  
  69  5:48  Stalker  
  76  5:50  Protoss Ground Weapons Level 1 (Chrono Boost), Probe  
  76  5:55  Probe  
  78  5:58  Robotics Facility, Probe  
  80  6:07  Probe  
  80  6:10  Stalker x2  
  80  6:11  Stalker  
  86  6:12  Probe  
  86  6:13  Probe  
  88  6:19  Probe  
  87  6:28  Probe  
  87  6:30  Shield Battery  
  86  6:35  Stalker x3  
  92  6:40  Gateway  
  92  6:43  Gateway  
  94  6:50  Observer (Chrono Boost)  
  94  6:53  Pylon  
  91  7:00  Immortal (Chrono Boost), Stalker x3  
  95  7:02  Pylon  
  95  7:09  Probe  
  95  7:10  Assimilator  
  92  7:20  Shield Battery  
  92  7:23  Stalker x3  
  92  7:25  Probe  
  92  7:26  Gateway, Probe  
  100  7:33  Shield Battery, Immortal (Chrono Boost)  
  100  7:35  Observer  
  104  7:42  Stalker x2  
  108  7:47  Stalker x2  
  108  7:48  Zealot  
  113  7:55  Probe  
  113  7:57  Probe  
  107  8:03  Probe  
  99  8:06  Stalker x2  
  99  8:07  Probe  
  99  8:09  Probe  
  100  8:15  Probe (Chrono Boost)  
  102  8:20  Probe (Chrono Boost)  
  102  8:22  Probe (Chrono Boost)  
  99  8:27  Probe (Chrono Boost)  
  99  8:32  Probe (Chrono Boost)  
  99  8:34  Probe (Chrono Boost)  
  98  8:36  Probe (Chrono Boost)  
  98  8:38  Probe (Chrono Boost)  
  98  8:40  Zealot x5, Probe (Chrono Boost)  
  108  8:41  Probe  
  108  8:47  Probe (Chrono Boost)  
  111  8:52  Probe (Chrono Boost)  
  112  8:57  Protoss Ground Weapons Level 2 (Chrono Boost)  
  112  9:01  Probe (Chrono Boost)  
  115  9:04  Probe (Chrono Boost)  
  115  9:05  Probe (Chrono Boost)  
  116  9:11  Probe x2 (Chrono Boost)  
  116  9:13  Pylon  
  117  9:18  Nexus, Charge  
  117  9:19  Photon Cannon  
  117  9:29  Probe x2  
  117  9:30  Pylon, Probe  
  117  9:37  Stalker x3  
  117  9:38  Pylon  
  123  9:42  Pylon, Probe  
  125  9:45  Observer  
  125  9:50  Probe  
  126  9:55  Stalker x2  
  126  9:58  Probe  
  131  10:01  Probe  
  131  10:03  Stalker x2  
  131  10:05  Probe  
  133  10:08  Stalker  
  133  10:11  Shield Battery, Probe  
  133  10:13  Photon Cannon  
  136  10:16  Probe  
  136  10:20  Pylon  
  136  10:21  Probe  
  138  10:22  Observer, Forge  
  138  10:25  Observer  
  138  10:26  Stalker x2  
  138  10:28  Probe  
  144  10:34  Stalker x2  
  146  10:36  Probe  
  146  10:38  Probe  
  146  10:40  Probe x2  
  149  10:45  Stalker x2  
  149  10:49  Probe  
  154  10:50  Probe  
  154  10:52  Probe  
  154  10:54  Photon Cannon  
  154  10:56  Stalker  
  156  10:57  Pylon  
  156  10:58  Observer  
  156  11:00  Observer  
  156  11:03  Probe  
  157  11:05  Protoss Ground Armor Level 1 (Chrono Boost)  
  157  11:06  Probe  
  157  11:09  Assimilator  
  157  11:10  Assimilator  
  157  11:11  Protoss Ground Weapons Level 3 (Chrono Boost)  
  156  11:12  Probe  
  156  11:16  Zealot x5, Pylon  
  167  11:30  Stalker  
  153  11:41  Stalker x5  
  153  11:43  Probe  
  153  11:45  Probe  
  154  11:56  Photon Cannon, Probe  
  154  11:57  Photon Cannon  
  154  11:58  Stalker  
  157  12:06  Photon Cannon  
  157  12:07  Assimilator  
  157  12:09  Stalker  
  157  12:10  Gateway, Stalker x4  
  157  12:11  Gateway  
  167  12:21  Stalker  
  149  12:34  Stalker x5  
  156  12:37  Probe  
  155  12:44  Probe  
  155  12:47  Probe  
  155  12:48  Probe  
  155  12:50  Stalker  
  155  12:51  Probe  
  158  13:02  Stalker x5  
  166  13:09  Nexus  
  152  13:25  Nexus  
  152  13:26  Pylon  
  152  13:28  Pylon  
  152  13:29  Pylon  
  152  13:31  Pylon  
  152  13:39  Pylon  
  146  13:47  Stalker x2  
  146  13:48  Stalker x4  
  158  14:04  Stalker x2  
  160  14:14  Pylon  
  160  14:16  Pylon  
  160  14:18  Stalker x5  
  166  14:27  Probe x4  
  166  14:30  Stalker  
  147  14:39  Probe  
  121  14:47  Stalker x4  
Tags
 
Add a new tag
Caveats
  • Supply blocks, unpowered buildings, or Contaminate may cause inaccurate times.
  • Supply counts are checked every 10 seconds.